 Dungeon Crawl Stone Soup version 0.27-a0-1579-g97d2440184 (webtiles) character file.

Game seed: 7703189796479457952

107 Zonian the Conjurer (level 4, -7/20 (21) HPs)
             Began as a Vine Stalker Conjurer on July 17, 2021.
             Splashed by Ijyb's acid (11 damage)
             ... on level 3 of the Dungeon.
             The game lasted 00:04:23 (3457 turns).

Zonian the Conjurer (Vine Stalker Conjurer)         Turns: 3457, Time: 00:04:25

HP:   -7/20 (21)    AC:  5    Str: 10    XL:     4   Next: 85%
MP:   0/9           EV: 12    Int: 18    God:
Gold: 1005          SH:  0    Dex: 13    Spells: 6/9 levels left

rFire    . . .     SeeInvis .   g - +0 dagger (protect)
rCold    . . .     Faith    .   (no shield)
rNeg     . . .     Spirit   +   a - +1 robe
rPois    .         Reflect  .   i - +2 hat
rElec    .         Harm     .   (no cloak)
rCorr    .         Rampage  .   (no gloves)
Will     .....                  (no boots)
Stlth    ++........             (no amulet)
HPRegen  1.06/turn              (no ring)
MPRegen  0.11/turn              (no ring)

@: lightly drained
A: fangs 2, regeneration 1, magic shield, antimagic bite, no potion heal 2
a: no special abilities


You were on level 3 of the Dungeon.
You visited 1 branch of the dungeon, and saw 3 of its levels.

You collected 1005 gold pieces.

Inventory:

Hand Weapons
 d - a +0 hunting sling
 g - a +0 dagger of protection (weapon)
Missiles
 c - 22 sling bullets
Armour
 a - a +1 robe (worn)
 i - a +2 hat (worn)
Scrolls
 b - 2 scrolls of teleportation
 j - a scroll of identify
Potions
 e - a potion of curing {unknown}
 f - 2 potions of might


   Skills:
 + Level 0.5 Fighting
 + Level 0.6 Short Blades
 + Level 1.9 Dodging
 + Level 2.9 Stealth
 + Level 3.2 Spellcasting
 + Level 5.0 Conjurations


You had 6 spell levels left.
You knew the following spells:

 Your Spells              Type           Power      Damage    Failure   Level
a - Magic Dart            Conj           80%        1d7       1%          1
b - Searing Ray           Conj           40%        3d4       3%          2

Your spell library contained the following spells:

 Spells                   Type           Power      Damage    Failure   Level
 Dazzling Flash           Conj/Hex       22%        N/A       17%         3
 Fulminant Prism          Conj/Hex       5%         3d7       50%         4
 Iskenderun's Mystic Bla  Conj/Tloc      11%        2d4       50%         4


Dungeon Overview and Level Annotations

Branches:
Dungeon (3/15)

Altars:
Cheibriados
Okawaru

Annotations:
D:3 Ijyb


Innate Abilities, Weirdness & Mutations

You have extremely sharp teeth.
Your natural rate of healing is unusually fast.
When hurt, damage is shared between your health and your magic reserves.
Your bite disrupts and absorbs the magic of your enemies.
Potions cannot restore your health.


Message History

You can't see any susceptible monsters within range! (Use Z to cast anyway.)
You can't see any susceptible monsters within range! (Use Z to cast anyway.)
You can't see any susceptible monsters within range! (Use Z to cast anyway.) Unknown command.
A bat, 4 goblins and Ijyb come into view.
Ijyb is wielding a +2 dagger of draining and carrying a wand of acid (8).
A goblin is wielding a +1 dagger of freezing.
Things that are here:
a +0 club; a scroll of summoning; 25 gold pieces Unknown command.
Things that are here:
a +0 club; a scroll of summoning; 25 gold pieces You see here 23 stones.
The magic dart hits the goblin.
The goblin is severely wounded.
The magic dart hits the goblin.
You kill the goblin!
Your Conjurations skill increases to level 5!
The magic dart hits Ijyb but does no damage.
The magic dart hits Ijyb!
Ijyb is moderately wounded.
The magic dart hits Ijyb.
Ijyb is heavily wounded.
The magic dart hits Ijyb but does no damage.
Ijyb is heavily wounded.
Ijyb closely misses you.
The magic dart hits Ijyb.
Ijyb is severely wounded.
Ijyb hits you with a +2 dagger of draining.
You feel drained.
The magic dart hits Ijyb.
Ijyb is almost dead.
Ijyb barely misses you.
The magic dart hits Ijyb but does no damage.
Ijyb is almost dead.
Ijyb zaps a wand.
The bolt of acid hits you!
Ouch! That really hurt!
* * * LOW HITPOINT WARNING * * *
You are splashed with acid!
Ouch! That really hurt!
You die... ##........ #.....#### ##...## ####### ##.## ### 8.8.8.8 #.# #.. ..# bgg....

#.# #.# #.# ....... ##'##
#.# #.# g...... ##...## #.#
..# ..g..g. ##.....###@#
####.# g..g...
#......†##g###.##.# 8.8.8.8
#.........#.##...#.#########
+.........'.....g(..........
#.........####...##.###.####
##......[## ##.###.# #... .
##.....## ### #.# ######
##...## #.# ##+# #.#


You could see Ijyb.

Vanquished Creatures
  4 adders
  3 worms (D:2)
  2 dart slugs (D:3)
  An orc (D:3)
  A ball python (D:3)
  An endoplasm (D:3)
  A giant cockroach (D:1)
  5 goblins
  6 hobgoblins
  7 jackals (D:2)
  A quokka (D:2)
  7 bats
  5 frilled lizards
  5 kobolds
  9 rats
58 creatures vanquished.

Notes
Turn   | Place    | Note
-------+----------+-------------------------------------------
     0 | D:1      | Zonian the Vine Stalker Conjurer began the quest for the
                  | Orb.
     0 | D:1      | Reached XP level 1. HP: 9/9 MP: 4/4
   244 | D:1      | Reached XP level 2. HP: 13/13 MP: 1/6
   669 | D:1      | Identified a scroll of acquirement
   669 | D:1      | Acquired 921 gold pieces
  1475 | D:2      | Reached XP level 3. HP: 7/16 MP: 1/7
  2277 | D:2      | Gained mutation: Your natural rate of healing is unusually
                  | fast. [Vine Stalker growth]
  2277 | D:2      | Reached XP level 4. HP: 21/21 MP: 5/9
  2520 | D:2      | Found a snail-covered altar of Cheibriados.
  2729 | D:3      | Found an iron altar of Okawaru.
  2751 | D:3      | Learned a level 2 spell: Searing Ray
  3169 | D:3      | Found a faded altar of an unknown god.
  3426 | D:3      | Noticed Ijyb
  3451 | D:3      | Reached skill level 5 in Conjurations
  3457 | D:3      | Splashed by Ijyb's acid

Illustrated notes

Levels and vault maps discovered:
D:1:      minmay_arrival_five_plusses, layout_loops_ring
D:2:      layout_rooms, basic_altar, minmay_misc_feat_hallway
D:3:      kennysheep_the_goblin_king, layout_loops_corners,
          amcnicky_altar_gilded, ebering_ecumenical_altar_rust,
          minmay_misc_feat_four_crosses

Skill      XL: |  1  2  3  4 |
---------------+-------------+-----
Spellcasting   | 3 |  3.2
Conjurations   | 5 |  5.0
Fighting       | |  0.5
Short Blades   | |  0.6
Dodging        | |  1.9
Stealth        | |  2.9

Action                   |  1- 3 |  4- 6 || total
-------------------------+-------+-------++-------
Melee: Dagger            |    91 |    11 ||   102
       Bite              |    20 |       ||    20
 Cast: Magic Dart        |    78 |    42 ||   120
  Use: Scroll            |     8 |     1 ||     9
Armor: Robe              |    37 |     7 ||    44
Dodge: Dodged            |    73 |     7 ||    80

Table legend: (Time is in decaauts)
 A = Elapsed time spent in this place.
 B = Non-inter-level travel time spent in this place.
 C = Inter-level travel time spent in this place.
 D = Time resting spent in this place.
 E = Time spent auto-exploring this place.
 F = Levels seen in this place.
 G = Mean time per level.
                   A        B        C        D        E       F      G
               +--------+--------+--------+--------+--------+-----+--------+
         Total |   3456 |   3323 |    133 |   1259 |   1585 |   3 | 1152.0 |
       Dungeon |   3456 |   3323 |    133 |   1259 |   1585 |   3 | 1152.0 |
               +--------+--------+--------+--------+--------+-----+--------+

Top non-repeatable levels by time:
     D:1: 1429 daAuts
     D:2: 1247 daAuts
     D:3: 780 daAuts
